 Dungeon Crawl Stone Soup version 0.26-a0-812-g31a745ddcd (webtiles) character file.

Game seed: 17514977721346582814

584 Dracia the Conjurer (level 7, -4/50 HPs)
             Began as a Yellow Draconian Conjurer on Dec 5, 2020.
             Slain by a centaur (7 damage)
             ... on level 5 of the Dungeon.
             The game lasted 00:10:20 (6361 turns).

Dracia the Conjurer (Yellow Draconian Conjurer)     Turns: 6361, Time: 00:10:21

Health: -4/50      AC:  9    Str: 12      XL:     7   Next: 14%
Magic:  11/14      EV: 12    Int: 19 (20) God:
Gold:   167        SH:  0    Dex:  8 (9)  Spells: 3/15 levels left

rFire    . . .     SeeInvis .   k - +0 quarterstaff
rCold    . . .     Faith    .   (shield currently unavailable)
rNeg     . . .     Spirit   .   (armour unavailable)
rPois    +         Reflect  .   (helmet restricted)
rElec    .         Harm     .   q - +0 cloak {Stlth+}
rCorr    +         Rampage  .   a - +1 pair of gloves
MR       +....                  (no boots)
Stlth    ++........             (no amulet)
HPRegen  0.16/turn              (no ring)
MPRegen  0.14/turn              (no ring)

@: about to teleport
A: spit acid, unfitting armour, deterioration 1, magic resistance 1, poison
resistance, strong 1, cold-blooded, acid resistance, AC +6
a: Breathe Acid


You were on level 5 of the Dungeon.
You visited 1 branch of the dungeon, and saw 5 of its levels.

You collected 167 gold pieces.


Innate Abilities, Weirdness & Mutations

You can spit globs of acid.
Your golden yellow scales are hard. (AC +6)
You cannot fit into any form of body armour.
You are cold-blooded and may be slowed by cold attacks.
You are resistant to acid. (rCorr)
Your body sometimes deteriorates upon taking damage.
You are resistant to hostile enchantments. (MR+)
Your system is resistant to poisons. (rPois)
Your muscles are strong. (Str +2)


   Skills:
 + Level 3.5 Staves
 - Level 1.7 Dodging
 - Level 1.7 Stealth
 + Level 4.6 Spellcasting
 + Level 6.2 Conjurations


You had 3 spell levels left.
You knew the following spells:

 Your Spells              Type           Power        Failure   Level
d - Dazzling Flash        Conj/Hex       ###...       11%         3
i - Swiftness             Air            #.......     21%         2
s - Searing Ray           Conj           ####..       1%          2
z - Magic Dart            Conj           ####         1%          1
X - Iskenderun's Mystic   Conj/Tloc      ###.....     34%         4

Your spell library contained the following spells:

 Spells                   Type           Power        Failure   Level
 Shock                    Conj/Air       ###.         3%          1
 Static Discharge         Conj/Air       ###.....     11%         3
 Fulminant Prism          Conj/Hex       ###.......   34%         4
 Lightning Bolt           Conj/Air       ###.......   69%         5
 Airstrike                Air            #.........   78%         4

Inventory:

Hand Weapons
 c - a +0 whip
 i - a +0 dagger
 k - a +0 quarterstaff (weapon)
 r - a +2 quarterstaff of chaos
Missiles
 b - 3 curare-tipped darts {=f=f}
 h - 5 datura-tipped darts (quivered)
Armour
 a - a +1 pair of gloves (worn)
 q - a +0 cloak of stealth (worn)
Magical Staves
 e - an uncursed staff of poison {!a!a, unknown}
Wands
 j - a wand of polymorph (3)
Scrolls
 d - 7 scrolls of identify {@r1@r1}
 g - a scroll of enchant weapon {unknown}
 l - a scroll of immolation {unknown}
 o - a scroll of teleportation {@r4@r4}
 p - a scroll of remove curse {@r2@r2}
Potions
 f - a potion of degeneration {unknown}
 m - a potion of lignification {unknown}
 n - a potion of invisibility {unknown}
 s - a potion of heal wounds {unknown}
 t - a potion of might

Dungeon Overview and Level Annotations

Branches:
Dungeon (5/15)
 Temple: D:4-7

Altars:
Fedhas
Gozag
Sif Muna

Shops:
D:2 * D:4

( #############
............#
............#
...........#
..........# #+
#......(#
#..#.....†.#####
#..'@c.....#...# #
#..#.......'...######
#. #.......#'####....
.. #.......#...##....
.. #.......#.........
.. #.......#...######
. #.......#...##..##
#.......#'####....
#.......#...##..##


You could see a neutral centaur (fast, strong, insane).


Message History

The centaur shouts!
The centaur completely misses you. The centaur hits you!
The centaur barely misses you. The centaur closely misses you.
The centaur shouts!
The centaur hits you.
* * * LOW HITPOINT WARNING * * *
The centaur completely misses you. The centaur misses you.
Casting: Searing Ray (safe; 1% risk of failure)
Confirm with . or Enter, or press ? or * to list all spells.
The centaur hits you.
* * * LOW HITPOINT WARNING * * *
The centaur hits you!
* * * LOW HITPOINT WARNING * * *
Your body deteriorates!
You feel dopey.
As you read the scroll labelled ZAENUB ORHYA, it crumbles to dust.
You feel blessed for a moment.
It was a scroll of remove curse.
The centaur hits you.
* * * LOW HITPOINT WARNING * * *
The centaur misses you.
As you read the scroll of teleportation {@r4@r4}, it crumbles to dust.
You feel strangely unstable. The centaur barely misses you.
The centaur hits you.
* * * LOW HITPOINT WARNING * * *
The centaur hits you.
* * * LOW HITPOINT WARNING * * *
As you open the door, it creaks loudly!
You hear a shout!
The centaur hits you but does no damage.
The centaur hits you!
You die...

Skill      XL: |  1  2  3  4  5  6 |
---------------+-------------------+-----
Spellcasting   | 3 4 |  4.6
Conjurations   | 5 6 |  6.2
Staves         | 1 2 3 |  3.5
Dodging        | |  1.7
Stealth        | |  1.7

Action                   |  1- 3 |  4- 6 |  7- 9 || total
-------------------------+-------+-------+-------++-------
Melee: Whip              |    65 |       |       ||    65
       Tailslap          |    11 |    19 |       ||    30
       Dagger            |    62 |       |       ||    62
       Quarterstaff      |    38 |   270 |     2 ||   310
Throw: Dart              |       |     1 |     1 ||     2
 Cast: Magic Dart        |    11 |    16 |       ||    27
       Searing Ray       |     2 |     3 |       ||     5
       Dazzling Flash    |       |     1 |     1 ||     2
  Use: Potion            |       |     8 |       ||     8
       Scroll            |       |     6 |     2 ||     8
 Stab: Sleeping          |     3 |     1 |       ||     4
       Invisible         |       |     1 |       ||     1
Armor: Skin              |    78 |   113 |     4 ||   195
Dodge: Dodged            |   139 |   239 |    11 ||   389

Levels and vault maps discovered:
D:1:      elethiomel_arrival_shortcut, layout_basic, fountainhead,
          minmay_pentomino_t2
D:2:      kennysheep_big_flooded_room, layout_basic,
          chequers_ecumenical_altar_twisty, nicolae_gozag_zags_fifth_avenue
D:3:      layout_loops_ring, fedhas_altar_3
D:4:      layout_rooms, serial_shops, nicolae_shop_behind_doors,
          uniq_crazy_yiuf_cottage
D:5:      layout_gridville, basic_altar, uniq_duvessa

Notes
Turn   | Place    | Note
-------+----------+-------------------------------------------
     0 | D:1      | Dracia the Draconian Conjurer began the quest for the Orb.
     0 | D:1      | Reached XP level 1. HP: 14/14 MP: 3/3
   334 | D:1      | Reached XP level 2. HP: 12/20 MP: 5/5
   913 | D:1      | Learned a level 2 spell: Searing Ray
  1062 | D:1      | Reached XP level 3. HP: 26/26 MP: 7/7
  1629 | D:2      | Found an opulent altar of Gozag.
  1630 | D:2      | Found Gozag's Platinum Reserve.
  1844 | D:2      | Reached skill level 3 in Spellcasting
  1941 | D:2      | Learned a level 3 spell: Dazzling Flash
  2194 | D:2      | Reached XP level 4. HP: 33/33 MP: 8/8
  2436 | D:2      | Reached skill level 5 in Conjurations
  2460 | D:2      | HP: 3/33 [poisoned by an adder]
  2837 | D:2      | Found a faded altar of an unknown god.
  3059 | D:2      | Reached skill level 1 in Staves
  3455 | D:3      | Found a blossoming altar of Fedhas.
  3766 | D:3      | Reached XP level 5. HP: 38/38 MP: 10/10
  3939 | D:3      | Gained mutation: You are weak. (Str -2) [potion of
                  | mutation]
  3939 | D:3      | Gained mutation: You are frail. (-10% HP) [potion of
                  | mutation]
  3939 | D:3      | Gained mutation: Your system is resistant to poisons.
                  | (rPois) [potion of mutation]
  3940 | D:3      | Lost mutation: You are frail. (-10% HP) [potion of
                  | mutation]
  3940 | D:3      | Lost mutation: You are weak. (Str -2) [potion of mutation]
  3940 | D:3      | Gained mutation: Your body sometimes deteriorates upon
                  | taking damage. [potion of mutation]
  3940 | D:3      | Gained mutation: Your muscles are strong. (Str +2) [potion
                  | of mutation]
  3940 | D:3      | Gained mutation: You are resistant to hostile enchantments.
                  | (MR+) [potion of mutation]
  4058 | D:4      | Found a runed translucent door.
  4059 | D:4      | Noticed Crazy Yiuf
  4095 | D:4      | Found Bausawer's Antique Weapon Shop.
  4317 | D:4      | Reached skill level 2 in Staves
  4458 | D:4      | Noticed a phantom
  4503 | D:4      | Killed a phantom
  4503 | D:4      | Reached skill level 4 in Spellcasting
  4503 | D:4      | Reached XP level 6. HP: 17/45 MP: 9/12
  4714 | D:4      | Learned a level 2 spell: Swiftness
  4719 | D:4      | Learned a level 4 spell: Iskenderun's Mystic Blast
  4964 | D:4      | HP: 2/45 [Crazy Yiuf/+2 quarterstaff of chaos (14)]
  5429 | D:4      | Killed Crazy Yiuf
  5641 | D:5      | Entered Level 5 of the Dungeon
  5878 | D:4      | Reached skill level 3 in Staves
  5878 | D:4      | Reached skill level 6 in Conjurations
  6103 | D:5      | Found a shimmering blue altar of Sif Muna.
  6175 | D:5      | Noticed an ice beast
  6192 | D:5      | Killed an ice beast
  6192 | D:5      | Your scales start taking on a golden yellow colour.
  6192 | D:5      | Reached XP level 7. HP: 37/50 MP: 12/14
  6192 | D:5      | Gained mutation: You are resistant to acid. (rCorr) [Yellow
                  | Draconian growth]
  6360 | D:5      | HP: 4/50 [centaur (6)]
  6361 | D:5      | Slain by a centaur

Vanquished Creatures
  An ice beast (D:5)
  A phantom (D:4)
  A centaur (D:4)
  Crazy Yiuf (D:4)
  A gnoll shaman (D:4)
  A worker ant (D:4)
  8 gnolls
  4 adders (D:2)
  2 oozes
  An adder skeleton (D:4)
  A worm (D:3)
  A dart slug (D:2)
  5 leopard geckos
  9 orcs
  A ball python (D:4)
  10 bats
  5 giant cockroaches
  8 goblins
  8 hobgoblins
  14 jackals
  9 frilled lizards
  8 kobolds
  8 rats
108 creatures vanquished.

Vanquished Creatures (collateral kills)
  A giant cockroach (D:5)
1 creature vanquished.

Vanquished Creatures (others)
  A fungus (D:3)
1 creature vanquished.

Grand Total: 110 creatures vanquished

Table legend: (Time is in decaauts)
 A = Elapsed time spent in this place.
 B = Non-inter-level travel time spent in this place.
 C = Inter-level travel time spent in this place.
 D = Time resting spent in this place.
 E = Time spent auto-exploring this place.
 F = Levels seen in this place.
 G = Mean time per level.
                   A        B        C        D        E       F      G
               +--------+--------+--------+--------+--------+-----+--------+
         Total |   6420 |   6252 |    168 |   2049 |   3109 |   5 | 1284.0 |
       Dungeon |   6420 |   6252 |    168 |   2049 |   3109 |   5 | 1284.0 |
               +--------+--------+--------+--------+--------+-----+--------+

Top non-repeatable levels by time:
     D:4: 1918 daAuts
     D:2: 1659 daAuts
     D:1: 1611 daAuts
     D:3: 768 daAuts
     D:5: 463 daAuts

Table legend:
 A = Non-vault XP
 B = Vault XP
 C = Vault XP percentage of total XP
 D = Non-vault monster count
 E = Vault monster count
 F = Vault count percentage of total count
                 A         B        C        D         E       F
            +---------+---------+-------+---------+---------+-------
      Total |     789 |      46 |   5.5 |     105 |       4 |   3.7
            +---------+---------+-------+---------+---------+-------
        D:1 |      55 |       2 |   3.5 |      27 |       1 |   3.6
        D:2 |     100 |       4 |   3.8 |      27 |       2 |   6.9
        D:3 |      42 |       0 |   0.0 |      22 |       0 |   0.0
        D:4 |     430 |      40 |   8.5 |      20 |       1 |   4.8
        D:5 |     162 |       0 |   0.0 |       9 |       0 |   0.0
            +---------+---------+-------+---------+---------+-------
